Map: Lightshade LE

Players

EnDerr

  • Race: Zerg Zerg

Ranger - Winner!

  • Race: Protoss Protoss
  • League: Grandmaster

Event: DreamHack SC2 Masters 2021 Summer

VOD

Have the link to the VOD?

Description

Time

  • Played on: May 19, 2021, 5:31 a.m.
  • Length: 12:04

All games in this series

Show
View Real Time Build Order
Export as new Build Order

EnDerr Zerg 

Build Orders: Hatch First 

Get SALT Encoding   

  12  0:00  Drone  
  13  0:12  Overlord  
  13  0:17  Drone  
  14  0:31  Drone x2  
  16  0:48  Drone x2  
  18  0:56  Hatchery  
  17  1:00  Drone  
  18  1:10  Extractor  
  17  1:14  Spawning Pool  
  16  1:18  Drone  
  16  1:23  Drone  
  18  1:29  Drone  
  19  1:41  Drone  
  20  1:53  Drone  
  21  2:02  Zergling x2  
  21  2:07  Queen x2  
  21  2:08  Zergling x2  
  27  2:10  Metabolic Boost  
  27  2:18  Overlord  
  27  2:19  Drone  
  28  2:38  Drone x2, Hatchery  
  29  2:46  Overlord  
  29  2:49  Zergling x2  
  29  2:50  Zergling x2  
  30  2:54  Zergling x2  
  31  3:00  Zergling x2  
  31  3:09  Zergling x2  
  31  3:10  Zergling x2  
  33  3:16  Drone x3  
  36  3:22  Drone x4  
  36  3:26  Drone  
  40  3:34  Drone x2  
  41  3:37  Spore Crawler  
  41  3:38  Spore Crawler  
  39  3:43  Drone  
  39  3:44  Drone  
  39  3:47  Queen  
  43  3:52  Drone  
  43  4:00  Pneumatized Carapace  
  43  4:01  Drone  
  44  4:04  Spore Crawler  
  44  4:05  Drone x3  
  44  4:08  Drone  
  44  4:09  Drone x2  
  49  4:12  Drone  
  46  4:24  Drone x2  
  46  4:27  Zergling x4  
  46  4:28  Zergling x2  
  46  4:30  Overlord  
  50  4:37  Queen  
  49  4:48  Drone  
  49  4:49  Drone  
  49  4:50  Drone x5  
  55  4:55  Queen  
  55  4:58  Drone  
  56  5:07  Drone x2  
  56  5:12  Overlord  
  56  5:13  Roach Warren  
  52  5:22  Drone x3  
  52  5:23  Queen  
  55  5:30  Queen  
  55  5:32  Drone x6  
  55  5:33  Drone  
  64  5:48  Overlord  
  64  5:49  Overlord x2  
  64  5:52  Extractor  
  64  5:53  Extractor  
  62  5:57  Overlord x2  
  62  6:06  Queen x2  
  62  6:07  Roach x5  
  62  6:08  Roach x3  
  82  6:24  Zergling x8  
  82  6:25  Zergling x16  
  94  6:41  Ravager  
  94  6:43  Zergling x12  
  97  6:47  Zergling x2  
  97  6:49  Overlord x2  
  95  7:02  Hatchery, Ravager x3, Evolution Chamber  
  95  7:03  Baneling Nest  
  95  7:05  Drone x2  
  95  7:07  Queen  
  99  7:12  Lair  
  99  7:16  Drone  
  99  7:17  Drone x7  
  102  7:26  Zergling x2  
  97  7:31  Drone x2  
  97  7:34  Zerg Melee Weapons Level 1  
  91  7:50  Zergling x2  
  91  7:51  Zergling x18  
  91  8:04  Extractor  
  91  8:05  Roach x5  
  96  8:10  Roach  
  97  8:16  Roach x3  
  97  8:19  Roach  
  100  8:21  Roach  
  100  8:22  Roach  
  100  8:23  Roach  
  100  8:26  Overlord x2  
  100  8:27  Overlord x3  
  102  8:29  Glial Reconstitution  
  97  8:42  Centrifical Hooks  
  97  8:44  Queen x3  
  97  8:47  Hatchery  
  102  8:50  Zergling x18  
  102  8:51  Zergling x4  
  113  9:01  Roach  
  113  9:02  Roach x2  
  119  9:05  Drone x2, Extractor  
  119  9:07  Extractor  
  119  9:19  Drone, Spire  
  119  9:20  Drone x3  
  121  9:38  Overlord x6  
  121  9:45  Baneling x11  
  119  9:48  Extractor  
  119  9:51  Extractor  
  119  9:52  Zergling x8  
  121  10:00  Zergling x10  
  126  10:12  Drone x4  
  126  10:13  Drone x2  
  129  10:25  Zergling x18  
  122  10:31  Zergling x4  
  107  10:36  Mutalisk x5  
  107  10:37  Mutalisk x4  
  111  10:47  Mutalisk x4  
  111  10:49  Zergling x4  
  121  10:54  Mutalisk  
  119  11:00  Zergling x10  
  119  11:02  Mutalisk  
  121  11:06  Mutalisk  
  121  11:10  Mutalisk  
  125  11:13  Mutalisk  
  118  11:19  Mutalisk  
  118  11:22  Mutalisk  
  118  11:23  Zergling x2  
  118  11:24  Zergling x10  
  113  11:28  Zergling x6  
  113  11:31  Mutalisk  
  114  11:33  Zergling x2  
  114  11:34  Mutalisk  
  114  11:37  Mutalisk  
Show
View Real Time Build Order
Export as new Build Order

Ranger Protoss - Winner!

Build Orders: 1 Gate Expand, Oracle Opening 

Get SALT Encoding   

  12  0:00  Probe  
  13  0:12  Probe  
  14  0:27  Pylon  
  14  0:29  Probe  
  15  0:45  Probe (Chrono Boost)  
  15  0:48  Assimilator  
  15  0:49  Gateway  
  16  0:54  Probe (Chrono Boost)  
  17  0:59  Probe (Chrono Boost)  
  18  1:11  Probe  
  19  1:23  Probe  
  20  1:29  Nexus  
  20  1:38  Cybernetics Core  
  20  1:42  Probe  
  21  1:47  Assimilator  
  21  1:54  Probe  
  21  1:57  Pylon  
  22  2:11  Probe  
  22  2:12  Adept (Chrono Boost)  
  25  2:20  Stargate  
  25  2:24  Probe  
  26  2:32  Adept (Chrono Boost)  
  26  2:35  Warp Gate  
  26  2:36  Probe  
  29  2:47  Probe (Chrono Boost)  
  31  2:55  Probe (Chrono Boost)  
  31  2:58  Probe (Chrono Boost)  
  32  3:00  Adept  
  32  3:03  Probe (Chrono Boost)  
  35  3:06  Oracle  
  35  3:10  Probe  
  39  3:16  Gateway  
  39  3:24  Probe  
  39  3:26  Shield Battery  
  40  3:33  Probe  
  41  3:36  Probe  
  41  3:37  Void Ray (Chrono Boost)  
  40  3:43  Pylon  
  40  3:45  Probe  
  46  3:48  Probe  
  46  3:56  Pylon  
  46  4:01  Probe x2  
  50  4:08  Pylon  
  48  4:13  Probe x2  
  50  4:17  Nexus  
  50  4:27  Adept x2  
  50  4:29  Probe x2  
  55  4:33  Void Ray (Chrono Boost)  
  59  4:46  Probe  
  59  4:50  Probe  
  59  4:51  Assimilator  
  59  4:52  Robotics Facility  
  57  4:53  Gateway  
  57  4:55  Assimilator  
  57  5:06  Probe x2  
  59  5:11  Adept  
  59  5:12  Adept  
  63  5:18  Probe x2  
  61  5:31  Probe x2 (Chrono Boost), Gateway x2  
  61  5:32  Sentry x2  
  61  5:33  Gateway  
  67  5:36  Probe (Chrono Boost)  
  70  5:43  Probe x2 (Chrono Boost)  
  70  5:44  Immortal (Chrono Boost)  
  70  5:45  Probe (Chrono Boost)  
  70  5:48  Shield Battery  
  70  5:49  Probe (Chrono Boost)  
  75  5:51  Pylon  
  75  5:52  Probe  
  75  5:53  Sentry  
  75  5:56  Probe  
  80  5:57  Sentry  
  80  5:59  Zealot  
  80  6:00  Probe  
  85  6:05  Pylon  
  85  6:09  Probe  
  86  6:14  Warp Prism (Chrono Boost)  
  86  6:17  Probe  
  89  6:19  Sentry  
  89  6:24  Stalker x2  
  96  6:27  Pylon, Stalker  
  97  6:35  Stalker x2  
  97  6:39  Observer  
  97  6:47  Robotics Bay  
  98  6:50  Forge  
  98  6:52  Adept x4  
  100  6:55  Shield Battery  
  100  6:58  Zealot  
  100  7:03  Shield Battery  
  100  7:04  Sentry  
  100  7:05  Shield Battery  
  100  7:07  Shield Battery  
  102  7:15  Shield Battery  
  102  7:17  Pylon  
  102  7:21  Pylon  
  102  7:23  Zealot x5  
  108  7:34  Disruptor  
  111  7:38  Stalker  
  111  7:43  Gateway, Stalker x3  
  108  7:45  Gateway  
  108  7:48  Stalker  
  108  7:49  Zealot  
  106  7:59  Protoss Ground Weapons Level 1 (Chrono Boost)  
  106  8:03  Stalker  
  106  8:07  Twilight Council  
  106  8:13  Stalker  
  106  8:14  Zealot x2, Stalker x2  
  112  8:30  Stalker  
  112  8:31  Probe x3  
  112  8:33  Assimilator  
  117  8:37  Assimilator  
  117  8:38  Disruptor (Chrono Boost)  
  117  8:40  Robotics Facility  
  116  8:43  Probe  
  116  8:47  Probe x2  
  119  8:54  Pylon  
  119  8:55  Probe  
  120  9:02  Photon Cannon  
  120  9:04  Nexus  
  120  9:06  Photon Cannon, Pylon  
  120  9:12  Zealot, Disruptor (Chrono Boost), Blink (Chrono Boost)  
  125  9:22  Photon Cannon  
  125  9:24  Zealot x2  
  125  9:25  Zealot  
  131  9:33  Photon Cannon  
  131  9:35  Stalker x2  
  131  9:36  Stalker  
  137  9:41  Shield Battery  
  137  9:43  Photon Cannon  
  137  10:01  Disruptor (Chrono Boost)  
  140  10:09  Photon Cannon  
  140  10:12  Pylon  
  140  10:14  Pylon  
  140  10:16  Disruptor, Pylon  
  141  10:34  Stalker x8  
  128  10:43  Disruptor  
  128  10:45  Probe x4  
  135  10:57  Stalker x6  
  147  11:06  Phoenix (Chrono Boost)  
  147  11:09  Stargate  
  147  11:10  Zealot x2  
  147  11:24  Stalker x5  
  149  11:26  Assimilator  
  149  11:29  Stalker  
  149  11:30  Assimilator  
  151  11:34  Templar Archives  
Tags
 
Add a new tag
Caveats
  • Supply blocks, unpowered buildings, or Contaminate may cause inaccurate times.
  • Supply counts are checked every 10 seconds.